AoeStats
← PabloG6

Arena

506549166Analyzed
4v4 RM · 20d ago on Sep 14, 2026· 51m 39s· 8 players
Game mode
Random Map
Map size
Large (8 player)
Population
200
Speed
Normal
Resources
Standard
Victory
Conquest
Starting age
Dark Age
Ending age
Imperial Age
RankedLock teamsTeams togetherTeam positionsShared explorationLock speedFull tech treeHidden civsTurbo modeCheats
Victory
Defeat
🇲🇽 Khmer · Mexico
1568
+17
🇲🇽 Cumans · Mexico
1567
+17
🇺🇸 Teutons · United States
1540
+18
🇲🇽 Persians · Mexico
1524
+19
🇦🇷 Cumans · Argentina
1624
-20
🇦🇷 Turks · Argentina
1606
-19
🇦🇷 Lithuanians · Argentina
1557
-16
🇦🇷 Portuguese · Argentina
1549
-16
MZTK | Evil Xandro
11:19 Feudal Age
11:41 Double-Bit Axe
13:22 Horse Collar
15:55 Castle Age
16:21 Wheelbarrow
16:38 Heavy Plow
16:49 Bow Saw
24:14 Loom
24:49 Hand Cart
27:10 Imperial Age
25:34 Gold Mining
25:49 Scale Mail Armor
26:00 Forging
26:20 Pikeman
27:02 Squires
27:04 Capped Ram
28:03 Siege Ram
30:20 Chemistry
30:47 Chain Mail Armor
31:07 Iron Casting
29:54 Halberdier
30:20 Arson
30:30 Gambesons
32:41 Gold Shaft Mining
31:59 Stone Mining
32:41 Plate Mail Armor
33:09 Town Watch
34:30 Blast Furnace
37:11 Scale Barding Armor
38:31 Stone Shaft Mining
38:18 Chain Barding Armor
38:51 Conscription
38:46 Bloodlines
38:37 Husbandry
40:00 Two-Man Saw
39:31 Crop Rotation
40:02 Plate Barding Armor
41:03 Ballistics
40:36 Elite War Elephant
41:43 Citadels
42:24 Hoardings
43:18 Coinage
44:48 Devotion
45:32 Banking
51:04 Man-at-Arms
LAT_Power_
6:31 Loom
9:03 Feudal Age
12:57 Fletching
25:51 Castle Age
24:00 Double-Bit Axe
24:38 Horse Collar
26:44 Bow Saw
26:38 Town Watch
33:01 Imperial Age
30:58 Scale Mail Armor
31:25 Heavy Plow
31:19 Gold Mining
31:53 Squires
31:56 Pikeman
33:31 Chain Mail Armor
33:27 Forging
34:57 Chemistry
35:25 Wheelbarrow
36:39 Plate Mail Armor
38:12 Padded Archer Armor
40:10 Leather Archer Armor
41:35 Halberdier
44:32 Hand Cart
46:49 Bloodlines
48:27 Iron Casting
51:17 Scale Barding Armor
52:13 Blast Furnace
MztK | FeNiX
5:54 Loom
8:21 Feudal Age
19:21 Double-Bit Axe
30:33 Castle Age
28:55 Gold Mining
41:55 Horse Collar
42:25 Bow Saw
44:28 Wheelbarrow
43:40 Town Watch
44:40 Scale Barding Armor
44:47 Forging
47:49 Imperial Age
45:58 Gold Shaft Mining
45:49 Bloodlines
46:01 Chain Barding Armor
46:17 Iron Casting
45:29 Light Cavalry
47:58 Hussar
50:25 Plate Barding Armor
51:17 Blast Furnace
51:23 Blast Furnace
52:08 Coinage
MztK | SpAwN
10:13 Feudal Age
10:37 Horse Collar
14:49 Castle Age
13:01 Double-Bit Axe
15:03 Loom
16:06 Bow Saw
18:03 Bow Saw
23:24 Wheelbarrow
25:55 Hand Cart
30:24 Imperial Age
28:49 Gold Mining
28:50 Stone Mining
29:02 Heavy Plow
29:20 Scale Barding Armor
30:39 Chain Barding Armor
32:11 Elite Ballista Elephant
32:54 Husbandry
33:05 Bloodlines
32:59 Husbandry
34:46 Plate Barding Armor
35:17 Siege Engineers
37:29 Chemistry
36:50 Ballistics
36:47 Masonry
38:21 Herbal Medicine
40:45 Light Cavalry
44:15 Hussar
45:06 Forging
50:11 Caravan
PabloG6
8:54 Feudal Age
9:29 Double-Bit Axe
9:48 Horse Collar
26:09 Wheelbarrow
29:57 Castle Age
29:57 Bloodlines
29:50 Gold Mining
29:52 Stone Mining
29:58 Stone Mining
31:20 Hand Cart
31:21 Scale Barding Armor
31:26 Forging
34:13 Imperial Age
32:16 Chain Barding Armor
31:52 Loom
31:53 Town Watch
33:34 Iron Casting
33:35 Heavy Plow
33:45 Bow Saw
34:16 Cavalier
35:32 Plate Barding Armor
36:04 Paladin
37:22 Light Cavalry
38:17 Fletching
39:37 Hussar
43:32 Blast Furnace
42:57 Onager
44:59 Chemistry
44:12 Capped Ram
44:56 Siege Ram
46:09 Siege Onager
48:07 Hussar
50:08 Conscription
⛟ ElQueManejaLaCombi ⛟
10:03 Feudal Age
14:02 Castle Age
11:54 Loom
18:55 Double-Bit Axe
27:12 Imperial Age
29:07 Bow Saw
30:16 Padded Archer Armor
35:43 Conscription
39:32 Leather Archer Armor
40:19 Wheelbarrow
39:41 Elite Janissary
41:46 Masonry
43:28 Ballistics
45:48 Architecture
48:55 Hand Cart
49:33 Caravan
50:52 Scale Barding Armor
50:57 Forging
peke
10:55 Feudal Age
12:14 Horse Collar
15:09 Castle Age
13:28 Double-Bit Axe
18:23 Bow Saw
18:57 Light Cavalry
22:55 Heavy Plow
24:17 Wheelbarrow
23:28 Loom
24:51 Town Watch
27:12 Gold Mining
27:13 Stone Mining
28:14 Hand Cart
31:26 Imperial Age
29:03 Murder Holes
30:53 Padded Archer Armor
31:24 Fletching
33:13 Chemistry
32:58 Bodkin Arrow
33:23 Cavalier
34:09 Scale Barding Armor
34:15 Forging
35:07 Chemistry
34:37 Husbandry
34:47 Bloodlines
34:54 Leather Archer Armor
35:18 Bracer
36:35 Conscription
36:28 Paladin
37:49 Chain Barding Armor
39:38 Plate Barding Armor
39:17 Forging
40:23 Ring Archer Armor
40:47 Treadmill Crane
42:23 Masonry
42:50 Iron Casting
42:06 Pikeman
42:46 Squires
42:39 Halberdier
43:21 Scale Mail Armor
44:28 Fervor
44:58 Chain Mail Armor
45:36 Sanctity
45:50 Guilds
46:32 Block Printing
46:43 Illumination
47:42 Coinage
51:16 Theocracy
51:57 Redemption
griego
7:50 Loom
10:46 Feudal Age
11:52 Double-Bit Axe
13:08 Horse Collar
20:54 Castle Age
24:41 Wheelbarrow
29:20 Imperial Age
27:19 Bow Saw
28:54 Town Watch
29:18 Fletching
33:02 Chemistry
31:58 Bodkin Arrow
32:40 Bracer
41:26 Crossbowman
43:28 Pikeman
47:27 Scale Mail Armor
48:41 Ballistics
49:24 Padded Archer Armor
49:47 Forging
Connection lost

Rejoining the realm…

Still unreachable

The connection could not be restored.

Session expired

The server has moved on; the page needs a fresh start.